nyob, lawful female human Valkyrie ------- ------------------- --- ------------------------------------------- |..^%...|...|.......|[...`..|...|......^..........$.........|...|..........`| |.|.---.|.|.|.-----.|.---.|.|.|.|.-.-----------------------.|.|.|.---.-----.| |.|...|...|.......|.|.|...|...|...|......"....|.|.........|.|.|.....|...|...| |.---.----|.|----.|.|.|.--|.-----.|.---.|.---.|.|.|.------|.-----------.|.-- |...|***.*|.|...|.|.|.|.|.|.|...| |...|$|%..|...|.|...|...|<....%*......|...| |.-------%|.|.|.--|.|.|.|.|.|.|.--|.---.|.|.---.|.---.|.|.-----------------.| |.|.......|...|...|...|.|...|.|...|.|...|.|...|.|...|..`|...|...|.....|^....| |.|.------ .-----.|.---.|.--|.---.|.|.---.|--.-----.|----.|.|.|.|--.|.|.---- |.|.....| |...|.|^|...|...|...|...|.|...|.|.@.....|.|...|.|%|.|...|.|...|.| |.-----.----|.|.|.---.---------.|-----|.---.|-@------.|.--|.|.|.|.---.---.|.| |..$..|.....|.|.|.....|.........|.....|.|...|.........|...|...|..`|.....|..^| -----.-----.|.|.|----.|.---------.---.|.|.|.|.---.---.|--.|--- ---|.-------%| |...|.....|...|.| |.....| ...|.|%|$=.|.|..`|.|...|...|...|...|.|.....|.| |.|.|----.|---|.-- --------.-----.|.|.----|.-----.|.--|.---.|.|.|.|--.|.---.| |.|.|.....|...|...|...... |.......|.|...|.|..*.^..|.|.|.....|...|.|...|.|^..| |.|.|.-----.|.---.|.---.-----------.---.|.---------.|.----------|.|)--|.|%--- |.|.........|...|.....|.................|........$.`............|..$..|)[[).| ------------ ---------------------------------------------------------------- nyob the Swashbuckler Experience level: 20 Strength: 25 Dexterity: 14 Constitution: 18 Intelligence: 8 Wisdom: 14 Charisma: 9 Health: 168(188) Energy: 73(73) Def: 22 Gold: 0 Moves: 33258 Dungeon seed: IBxQ8c5XhvbMNKzw Game ID: nyob_1529438097 Your Inventory: Amulets b - an uncursed amulet of reflection named reflection (being worn) c - a cursed amulet of reflection w - an uncursed amulet of life saving I - an uncursed amulet of ESP J - an uncursed amulet of life saving Weapons a - the rustproof +6 Excalibur (weapon in hand) i - a +0 long sword K - the rustproof +2 Frost Brand U - 7 +0 daggers (in quiver) Armor e - an uncursed thoroughly burnt rotted +3 small shield (being worn) n - an uncursed +5 elven mithril-coat (being worn) q - an uncursed +0 mummy wrapping r - a blessed +2 alchemy smock (being worn) y - a blessed rustproof +4 pair of gauntlets of power (being worn) z - an uncursed +0 pair of speed boots (being worn) Comestibles o - 8 uncursed K-rations O - an uncursed tripe ration Scrolls k - 4 uncursed scrolls of blank paper s - 2 uncursed scrolls of teleportation t - a cursed scroll of amnesia P - 2 uncursed scrolls of confuse monster Q - a cursed scroll of teleportation Y - an uncursed scroll of earth Spellbooks u - the cursed Book of the Dead named book of the dead? Rings g - an uncursed ring of invisibility l - an uncursed ring of free action m - an uncursed ring of levitation D - an uncursed +2 ring of increase damage F - a blessed +1 ring of gain strength H - a cursed ring of aggravate monster V - a cursed ring of aggravate monster X - an uncursed ring of free action (on left hand) Z - a blessed +1 ring of gain constitution Wands f - a wand of locking named direction (0:4) h - a wand of locking named direction (0:4) p - a cursed wand of cancellation named direction (0:4) v - a cursed wand of death (0:2) E - a cursed wand of nothing named direction (0:5) T - a cursed wand of undead turning named direction (0:3) W - a cursed wand of death (0:3) Tools d - an uncursed rusty skeleton key j - a +0 unicorn horn x - the blessed Orb of Fate (0:5) G - the Bell of Opening (0:3) L - the uncursed Candelabrum of Invocation (no candles attached) (0:0) M - an uncursed pair of lenses (being worn) Spells and supernatural/magical abilities: Name Level Category Fail Memory u - confuse monster 2 enchantment 100% 61% W - pray for help -- divine ? -- Your skills at the end: Fighting Skills Weapon Skills dagger [Expert] long sword [Expert] Spellcasting Skills Final Attributes: You were piously aligned. You were fire resistant. You were cold resistant. You were poison resistant. You were level-drain resistant. You were acid resistant. You saw invisible. You were telepathic. You were warned. You had automatic searching. You were invisible to others. You were stealthy. You were very fast. You had reflection. You had free action. You were extremely lucky. You had extra luck. Good luck did not time out for you. You are dead. Vanquished creatures: Asmodeus Baalzebub Orcus Yeenoghu Juiblex The Wizard of Yendor (4 times) an arch-lich a mastodon Medusa 7 krakens 2 iron golems 4 master liches 5 storm giants 2 glass golems a purple worm 3 red dragons 2 white dragons an orange dragon 4 black dragons a blue dragon 2 green dragons 20 minotaurs a jabberwock Lord Surtur 2 baluchitheria 8 demiliches Vlad the Impaler 3 stone golems 2 master mind flayers 10 Olog-hai 3 Nazgul 4 pit fiends 2 sandestins 3 hell hounds 9 titanotheres 7 trappers 2 baby orange dragons a baby green dragon 2 guardian nagas 4 disenchanters 19 vampire lords 6 shades 5 skeletons 6 captains 5 liches 2 water trolls a clay golem 5 nurses a nalfeshnee 2 lurkers above 2 ettins 6 black puddings 26 vampires 27 ghosts 4 lieutenants a queen bee 2 winged gargoyles 2 mind flayers 11 giant mimics 4 zruties 25 fire giants 7 ogre kings 4 ice trolls 20 rock trolls 5 umber hulks 5 flesh golems 2 Elvenkings 3 doppelgangers 3 hezrous 12 bone devils 3 large mimics a wumpus 2 fire vortices 5 long worms 7 stalkers 4 air elementals 4 fire elementals an earth elemental a water elemental 9 hill giants 3 giant mummies 2 black nagas 5 xorns 17 giant zombies 7 elf-lords 11 sergeants 2 barbed devils 5 vrocks a salamander 10 wargs a winter wolf 4 hell hound pups 14 small mimics a glass piercer 10 warhorses 8 steam vortices 6 xans 2 ettin mummies 4 ogre lords 12 quantum mechanics 7 trolls a sasquatch 2 wood golems 5 mariliths a djinni 4 sharks 4 gelatinous cubes 2 pyrolisks 5 large dogs a freezing sphere 4 flaming spheres 3 shocking spheres 3 large cats 7 tigers 4 gargoyles 4 ochre jellies 4 leocrottas 4 energy vortices 4 mountain centaurs 2 stone giants 5 elf mummies 5 human mummies 2 red nagas a green slime 5 pit vipers 3 pythons 6 cobras 40 wraiths 2 carnivorous apes 16 ettin zombies 3 leather golems 3 Grey-elves 50 soldiers 2 horned devils 5 succubi 2 incubi 6 chameleons 2 crocodiles 4 giant beetles 8 quivering blobs 13 cockatrices 12 wolves 2 winter wolf cubs 4 lynxes 3 panthers a gremlin 6 spotted jellies 5 leprechauns 6 orc-captains 2 iron piercers a mumak 8 giant spiders 5 horses an ice vortex 11 black lights 14 vampire bats 7 forest centaurs 4 gnome kings 7 orc mummies 4 dwarf mummies 2 ogres 12 brown puddings 15 rust monsters 12 owlbears 7 yetis 5 werewolves 12 Green-elves 2 piranhas 8 giant eels 8 lizards a warrior 6 chickatrices a dog 3 housecats 8 jaguars 4 blue jellies 7 gray unicorns 3 black unicorns 5 dust vortices 6 ravens 6 plains centaurs 4 gnome mummies 6 snakes 5 apes 18 human zombies 2 rope golems 14 Woodland-elves 20 soldier ants 58 fire ants 9 bugbears an imp 7 lemures 3 quasits 3 wood nymphs 5 water nymphs 4 mountain nymphs 3 Mordor orcs 29 Uruk-hai 3 orc shamans 4 rock piercers a rock mole 8 ponies 5 fog clouds 10 yellow lights 6 shriekers 5 violet fungi 17 gnome lords 9 gnomish wizards 4 kobold mummies a black naga hatchling a guardian naga hatchling 4 gray oozes 4 barrow wights 18 elf zombies 10 ghouls a straw golem a jellyfish 12 giant ants 2 little dogs 8 floating eyes 2 kittens 6 dwarves 6 homunculi 2 kobold lords 4 kobold shamans 12 hill orcs 17 rothes 4 rabid rats 2 giant bats 2 monkeys 12 orc zombies 8 dwarf zombies 2 werejackals 10 iguanas 23 killer bees 7 acid blobs 6 coyotes 2 gas spores 3 hobbits 6 manes 3 large kobolds 19 hobgoblins 2 giant rats 2 cave spiders 2 brown molds 11 yellow molds 3 green molds 3 red molds 66 gnomes 23 garter snakes 12 gnome zombies 14 geckos 13 jackals 5 foxes 4 kobolds 3 goblins 11 sewer rats 6 grid bugs 11 bats 12 lichens 7 kobold zombies 8 newts 1707 creatures vanquished. Voluntary challenges: You had been an atheist until turn 2655. You used a wielded weapon 3090 times, starting on turn 2. You read items or engraved 90 times, starting on turn 963. You never genocided any monsters. You never polymorphed an object. You changed form 1 time, starting on turn 15645. You used 6 wishes, starting on turn 17119. You did not wish for any artifacts. You split 8 puddings, starting on turn 13264. You never wrote Elbereth's name. You violated your moral code, losing 48 points of alignment, starting on turn 17513. Dungeon overview: The Dungeons of Doom: levels 1 to 25 Level 1 a long staircase Level 2 a general store Level 3 a scroll shop Level 4 a general store stairs to The Gnomish Mines Level 5 some fountains Level 6 many fountains Level 7 a hardware shop, a sink stairs to Sokoban Level 8 a general store Level 9 a fountain Level 10 a delicatessen, a fountain Level 11 Level 12 portal to The Quest Level 13 a fountain, a throne Level 14 Level 15 Level 16 a fountain Level 17 Level 18 an altar to Odin Level 19 a fountain Level 20 Level 21 Level 22 Level 23 Level 24 <- You were here Level 25 Gehennom: levels 26 to 45 Level 26 a temple to Moloch stairs to The Dungeons of Doom Level 27 Level 28 Level 29 Level 30 Level 31 Level 32 a fountain Level 33 Level 34 Level 35 some shops, an altar to Moloch stairs to Vlad's Tower Level 36 Level 37 Level 38 Level 39 Level 40 Level 41 Level 42 portal to Gehennom Level 43 portal to Gehennom Level 44 Level 45 The Gnomish Mines: levels 5 to 12 Level 5 stairs to The Dungeons of Doom Level 6 Level 7 many shops, a temple to Odin, some fountains Level 8 Level 9 Level 10 Level 11 Level 12 a fountain The Quest: levels 1 to 5 Level 1 a fountain portal to The Dungeons of Doom Level 2 Level 3 Level 4 Level 5 Sokoban: levels 3 to 6 Level 3 Level 4 Level 5 Level 6 stairs to The Dungeons of Doom Vlad's Tower: levels 32 to 34 Level 32 a throne Level 33 Level 34 stairs to Gehennom History has recorded: On T:1 you entered the Dungeons of Doom to retrieve the Amulet of Yendor! On T:334 you reached level 2 of The Dungeons of Doom. On T:617 you advanced to experience level 2. On T:652 you advanced to experience level 3. On T:737 you reached level 3 of The Dungeons of Doom. On T:812 you advanced to experience level 4. On T:1231 you reached level 4 of The Dungeons of Doom. On T:1455 you advanced to experience level 5. On T:1574 you reached level 1 of The Gnomish Mines. On T:2016 you reached level 2 of The Gnomish Mines. On T:2069 you advanced to experience level 6. On T:2545 you reached level 3 of The Gnomish Mines. On T:2675 you advanced to experience level 7. On T:3139 you reached level 4 of The Gnomish Mines. On T:3414 you reached level 5 of The Gnomish Mines. On T:3420 you advanced to experience level 8. On T:3420 you advanced to experience level 9. On T:3762 you reached level 6 of The Gnomish Mines. On T:4125 you reached level 7 of The Gnomish Mines. On T:4472 you reached level 8 of The Gnomish Mines. On T:6320 you reached level 5 of The Dungeons of Doom. On T:6464 you advanced to experience level 10. On T:6619 you reached level 6 of The Dungeons of Doom. On T:7069 you reached level 7 of The Dungeons of Doom. On T:7221 you reached level 4 of Sokoban. On T:7485 you reached level 3 of Sokoban. On T:8133 you reached level 2 of Sokoban. On T:8480 you reached level 1 of Sokoban. On T:9690 you reached level 8 of The Dungeons of Doom. On T:9846 you received advice from The Oracle. On T:10155 you reached level 9 of The Dungeons of Doom. On T:10542 you reached level 10 of The Dungeons of Doom. On T:10859 you reached level 11 of The Dungeons of Doom. On T:11131 you reached level 12 of The Dungeons of Doom. On T:11453 you reached level 1 of The Quest. On T:11613 you reached level 13 of The Dungeons of Doom. On T:11833 you advanced to experience level 11. On T:11996 you reached level 14 of The Dungeons of Doom. On T:12249 you reached level 15 of The Dungeons of Doom. On T:12776 you reached level 16 of The Dungeons of Doom. On T:13114 you reached level 17 of The Dungeons of Doom. On T:13402 you reached level 18 of The Dungeons of Doom. On T:13823 you reached level 19 of The Dungeons of Doom. On T:13894 you advanced to experience level 12. On T:14260 you advanced to experience level 13. On T:14400 you reached level 20 of The Dungeons of Doom. On T:14785 you reached level 21 of The Dungeons of Doom. On T:15250 you reached level 22 of The Dungeons of Doom. On T:15389 you killed Medusa on level 22 of The Dungeons of Doom. On T:15546 you reached level 23 of The Dungeons of Doom. On T:15740 you reached level 24 of The Dungeons of Doom. On T:16490 you reached The Castle. On T:17119 you wished for "uncursed magic marker". On T:17126 you wished for "2 blessed scrolls of charging". On T:17129 you wished for "blessed rustproof +2 gauntlets of power". On T:17131 you wished for "blessed fireproof +2 pair of speed boots". On T:17159 you wished for "blessed greased +2 helm of telepathy". On T:17189 you wished for "uncursed magic marker". On T:17797 you advanced to experience level 14. On T:18463 you embarked upon an epic quest. On T:18494 you reached level 2 of The Quest. On T:18593 you reached level 3 of The Quest. On T:18733 you reached level 4 of The Quest. On T:18766 you reached level 5 of The Quest. On T:18854 you killed Lord Surtur on level 5 of The Quest. On T:19270 you completed the quest! On T:19897 you reached The Valley of the Dead. On T:20198 you advanced to experience level 15. On T:20444 you advanced to experience level 16. On T:20454 you advanced to experience level 17. On T:20729 you advanced to experience level 18. On T:20915 you reached level 2 of Gehennom. On T:21213 you reached level 3 of Gehennom. On T:21268 you reached level 4 of Gehennom. On T:21670 you reached level 5 of Gehennom. On T:21865 you reached level 6 of Gehennom. On T:22158 you killed Asmodeus on level 6 of Gehennom. On T:22194 you reached level 7 of Gehennom. On T:22381 you killed Juiblex on level 7 of Gehennom. On T:22468 you reached level 8 of Gehennom. On T:22739 you reached level 9 of Gehennom. On T:22838 you reached level 10 of Gehennom. On T:22847 you reached level 3 of Vlad's Tower. On T:22983 you reached level 2 of Vlad's Tower. On T:23073 you reached level 1 of Vlad's Tower. On T:23127 you killed Vlad the Impaler on level 1 of Vlad's Tower. On T:23812 you killed Orcus on level 10 of Gehennom. On T:24010 you reached level 11 of Gehennom. On T:24400 you reached level 12 of Gehennom. On T:24471 you reached level 13 of Gehennom. On T:24971 you reached level 14 of Gehennom. On T:26338 you killed Baalzebub on level 8 of Gehennom. On T:26682 you reached level 15 of Gehennom. On T:27008 you reached level 16 of Gehennom. On T:27061 you advanced to experience level 19. On T:27492 you reached level 17 of Gehennom. On T:27999 you reached level 18 of Gehennom. On T:29343 you killed Yeenoghu on level 17 of Gehennom. On T:30600 you reached level 19 of Gehennom. On T:30887 you reached level 20 of Gehennom. On T:31185 you advanced to experience level 20. On T:32059 you killed Wizard of Yendor on level 15 of Gehennom. On T:32583 you killed Wizard of Yendor on level 10 of Gehennom. On T:32591 you killed Wizard of Yendor on level 10 of Gehennom. On T:33232 you killed Wizard of Yendor on level 24 of The Dungeons of Doom. Score breakdown: Gold: 0 ( 0 points) Experience: 20 levels (24282 points) Exploration: 45 levels ( 97.83%) (29664 points) Discoveries: 85 items ( 34.55%) (17634 points) Valuables value: (no points given unless you survive) Artifact value: 30500 (15254 points) Variety of kills: 262 monsters ( 68.77%) (24877 points) Turncount: 33258 turns (-4153 points) Survival: died (score multiplied by 80%) Total score: 86046 Latest messages: The vampire misses. The vampire bites! The vampire hits! The vampire bites! You hit the vampire! (2x) The vampire escapes downstairs! Double Trouble... The Wizard of Yendor hits! The Wizard of Yendor casts a spell at you! You suddenly feel weaker! You hit the Wizard of Yendor! (2x) The Wizard of Yendor hits! The Wizard of Yendor points at you, then curses. You hit the Wizard of Yendor! The Wizard of Yendor reads a scroll of create monster! You hit the Wizard of Yendor! You kill the Wizard of Yendor! You kill the brown pudding! You see here the Amulet of Yendor. You hit the xorn! (2x) You kill the xorn! Never mind. The Wizard of Yendor hits! The Wizard of Yendor casts a spell at you! Oh no, he's using the touch of death! Final status: Farvel nyob the Valkyrie, killed by the touch of death... You died in The Dungeons of Doom on dungeon level 24 with 86046 points, and 0 pieces of gold, after 33258 moves. You were level 20 with a maximum of 188 hit points when you died.